 Dungeon Crawl Stone Soup version 0.22-a0-603-gfc1114d (webtiles) character file.

38 Amnesiac the Magician (level 3, 0/19 HPs)
             Began as a Deep Elf Wizard on July 7, 2018.
             Slain by a slave (4 damage)
             ... led by Pikel
             ... on level 4 of the Dungeon.
             The game lasted 00:02:28 (904 turns).

Amnesiac the Magician (Deep Elf Wizard)              Turns: 904, Time: 00:02:30

Health: 0/19       AC:  3    Str:  4    XL:     3   Next: 25%
Magic:  2/11       EV: 13    Int: 23    God:
Gold:   40         SH:  0    Dex: 13    Spells: 0/11 levels left

rFire    . . .     SeeInvis .   (no weapon)
rCold    . . .     Gourm    .   (no shield)
rNeg     . . .     Faith    .   a - +1 robe
rPois    .         Spirit   .   (no helmet)
rElec    .         Reflect  .   (no cloak)
rCorr    .         Harm     .   (no gloves)
MR       .....                  (no boots)
Stlth    ++........             (no amulet)
HPRegen  0.06/turn              (no ring)
MPRegen  0.12/turn              (no ring)

@: very slightly contaminated
A: no striking features
a: no special abilities


You were on level 4 of the Dungeon.
You were not hungry.

You visited 1 branch of the dungeon, and saw 4 of its levels.

You collected 40 gold pieces.

Inventory:

Armour
 a - a +1 robe (worn)
Scrolls
 h - a scroll of remove curse {!r}
Potions
 f - a potion of lignification {!q}
 j - a potion of haste {!q}
Comestibles
 d - 3 rations


   Skills:
 - Level 2.4 Dodging
 - Level 2.4 Stealth
 - Level 4.5 Spellcasting
 * Level 3.5 Conjurations
 - Level 1.1 Summonings
 - Level 1.1 Translocations


You couldn't memorise any spells.
You knew the following spells:

 Your Spells              Type           Power        Failure   Level  Hunger
a - Magic Dart            Conj           ###.         2%          1    None
b - Call Imp              Summ           ##......     10%         2    None
e - Mephitic Cloud        Conj/Pois/Air  ##......     19%         3    ##.....
s - Conjure Flame         Conj/Fire      ##......     14%         3    ##.....
v - Blink                 Tloc           N/A          10%         2    None

Your spell library contained the following spells:

 Spells                   Type           Power        Failure   Level  Hunger
 Slow                     Hex            #.......     16%         2    None


Dungeon Overview and Level Annotations

Branches:
Dungeon (4/15)
 Temple: D:4-7

Altars:

Annotations:
D:4 Pikel


Message History

Pikel hits your white imp with a whip of electrocution.
Casting: Mephitic Cloud (safe; 19% risk of failure)
Confirm with . or Enter, or press ? or * to list all spells.
Aiming: Mephitic Cloud (safe; 19% risk of failure)
Press: ? - help, Shift-Dir - straight line, p - Pikel Out of range.
Okay, then.
The slave barely misses your white imp. The slave hits your crimson imp!
Pikel hits your white imp with a whip of electrocution.
Your crimson imp blinks!
Your white imp gestures at Pikel.
The puff of frost hits the slave.
The ogre hits your white imp with a giant club!!
Your white imp dies!
Casting: Mephitic Cloud (safe; 19% risk of failure)
Confirm with . or Enter, or press ? or * to list all spells.
You don't know that spell.
Unknown command.
Casting: Mephitic Cloud (safe; 19% risk of failure)
Confirm with . or Enter, or press ? or * to list all spells.
Aiming: Mephitic Cloud (safe; 19% risk of failure)
Press: ? - help, Shift-Dir - straight line, f/p - Pikel
Aim: Pikel, wielding a whip of electrocution and wearing an embroidered robe (lightly wounded)
The ball explodes into a vile cloud!
The stinking cloud engulfs Pikel.
Pikel is lightly wounded.
The stinking cloud engulfs the slave. x2; The stinking cloud engulfs the ogre.
The stinking cloud engulfs the slave.
The slave is heavily wounded.
The slave misses your white imp.
Pikel is engulfed in noxious fumes.
Pikel appears confused.
The slave is engulfed in noxious fumes.
The slave appears confused.
Unknown command.
A scorpion comes into view.
The slave hits your white imp.
The ogre is engulfed in noxious fumes.
The ogre appears confused.
Pikel is engulfed in noxious fumes.
The slave barely misses your white imp. The slave hits you!
Pikel wonders, "What am I doing in here?"
The slave hits your white imp but does no damage.
The ogre hits the slave with a giant club!
The slave hits your white imp but does no damage.
The slave misses you.
The ogre barely misses the slave.
Your white imp freezes the slave.
An adder comes into view.
The slave hits your white imp!
Your white imp dies!
The scorpion closely misses your crimson imp.
Pikel seems less confused.
The slave misses your crimson imp.
The ogre hits your crimson imp with a giant club!
The scorpion stings your crimson imp.
Your crimson imp dies!
The slave shouts!
The slave hits you.
* * * LOW HITPOINT WARNING * * *
The ogre seems less confused.
Pikel says, "You'll fetch a fair price!"
A centaur comes into view.
The slave hits you.
* * * LOW HITPOINT WARNING * * *
The slave seems less confused.
The adder closely misses you.
Really read
g - a scroll labeled ALUSOV BIGO {!r}?
As you read the scroll labeled ALUSOV BIGO {!r}, it crumbles to dust.
It is a scroll of enchant armour.
Your +0 robe glows green for a moment.
The slave hits you.
You die...

... ... #.. #.. ##..
#.. #.# #@# #p#
#######p# ###
#.....KS# ...###
#..c..p##
....#####.....s# #
#..#.........# #.#
###.......p....#...#
#.......)........#


You could see Pikel, 3 slaves, a scorpion and an adder.

Vanquished Creatures
  2 adders
  A leopard gecko (D:2)
  An orc (D:4)
  3 hobgoblins
  A jackal (D:3)
  3 kobolds (D:2)
  A quokka (D:3)
  3 bats
  2 frilled lizards (D:3)
  2 goblins
19 creatures vanquished.

Notes
Turn   | Place    | Note
-------+----------+-------------------------------------------
     0 | D:1      | Amnesiac the Deep Elf Wizard began the quest for the Orb.
     0 | D:1      | Reached XP level 1. HP: 10/10 MP: 7/7
   150 | D:2      | Reached XP level 2. HP: 15/15 MP: 4/9
   387 | D:2      | Learned a level 2 spell: Blink
   390 | D:2      | Learned a level 2 spell: Call Imp
   559 | D:4      | Reached XP level 3. HP: 19/19 MP: 6/11
   640 | D:4      | Noticed a slave
   642 | D:4      | Noticed Pikel
   650 | D:4      | Noticed a slave
   656 | D:4      | Learned a level 3 spell: Conjure Flame
   660 | D:4      | Learned a level 3 spell: Mephitic Cloud
   881 | D:4      | Noticed a slave
   883 | D:4      | Noticed an ogre
   883 | D:4      | Noticed a slave
   888 | D:4      | Noticed a scorpion
   897 | D:4      | Noticed a centaur
   904 | D:4      | Slain by a slave

Vault maps used:
D:1:      zaba_arrival_water, nrook_uturn
D:2:      marbit_many_paths, kennysheep_generic_room_2
D:3:      old_standard_altar, uniq_crazy_yiuf_cottage
D:4:      first_ration, minivault_26, kennysheep_decorative_pillar,
          solitary_fountain, roderic_lattice_a, uniq_pikel

Skill      XL: |  1  2 |
---------------+-------+-----
Conjurations   | 2 3 |  3.5
Dodging        | |  2.4
Stealth        | |  2.4
Spellcasting   | |  4.5
Summonings     | |  1.1
Translocations | |  1.1

Action                   || total
-------------------------++-------
Melee: Unarmed           ||     3
 Cast: Magic Dart        ||    56
       Call Imp          ||    15
       Mephitic Cloud    ||     1
  Use: Scroll            ||     6
Armor: Robe              ||     8
Dodge: Dodged            ||    28

Table legend:
 A = Spawn XP
 B = Non-spawn XP
 C = Spawn XP percentage of total XP
 D = Spawn monster count
 E = Non-spawn monster count
 F = Spawn count percentage of total count
 G = Total turns spent on level
                    A         B        C        D         E        F      G
               +---------+---------+-------+---------+---------+-------+---------
         Total |       0 |      55 |   0.0 |       0 |      19 |   0.0 |   904
               +---------+---------+-------+---------+---------+-------+---------
           D:2 |       0 |      15 |   0.0 |       0 |       9 |   0.0 |   386
           D:3 |       0 |      24 |   0.0 |       0 |       8 |   0.0 |   149
           D:4 |       0 |      16 |   0.0 |       0 |       2 |   0.0 |   350
               +---------+---------+-------+---------+---------+-------+---------
